 Dungeon Crawl Stone Soup version 0.23-a0-270-gab6feb3 (webtiles) character file.

657955 namelastname112 the Unseen (level 27, -9/197 HPs)
             Began as a Pale Draconian Wanderer on Sept 30, 2018.
             Was a Follower of Uskayaw.
             Killed from afar by an orb of fire (15 damage)
             ... with a fireball
             ... on level 5 of the Realm of Zot on Oct 1, 2018.
             The game lasted 03:00:37 (75262 turns).

namelastname112 the Unseen (DrWn)                  Turns: 75262, Time: 03:00:38

Health: -9/197     AC: 22    Str: 26    XL:     27
Magic:  36/42      EV: 29    Int: 10    God:    Uskayaw [*.....]
Gold:   8186       SH:  0    Dex: 15    Spells: 33/57 levels left

rFire    + + .     SeeInvis +   x - +5 pair of quick blades "Gyre" and "Gimble" {pierce, Dex-3}
rCold    + . .     Gourm    .   (shield currently unavailable)
rNeg     + + +     Faith    .   (armour unavailable)
rPois    .         Spirit   .   A - +1 hat of Temperance {Dex+2 Slay+4}
rElec    +         Reflect  .   U - +1 cloak of Starlight {rElec rC+ EV+4 Stlth--}
rCorr    .         Harm     .   e - +2 pair of gloves
MR       ++...     Rnd*Rage +   P - +2 pair of boots of the Assassin {Detection Stab+ Stlth++} Stlth ++++++++++Rnd*Tele +
                                h - macabre finger necklace {rN+}
HPRegen  0.42/turn              v - ring "Meantafra" {rF+ rN+ Str+4 Dex-2 SInv}
MPRegen  0.28/turn              X - ring "Hofevaba" {rF+ rN+ Str+5 Stlth+}
                                k - ring of Shadows {Umbra +Inv Stlth+}

@: about to teleport, very slightly contaminated, wreathed by umbra, studying
Spellcasting
A: breathe steam, unfitting armour, berserk 1, clumsy 2, dopey 1, frail 2,
screaming 1, teleportitis 1, cold-blooded, AC +13
}: 3/15 runes: decaying, serpentine, silver
a: Breathe Steam, Stomp, Renounce Religion, Evoke Invisibility


You were on level 5 of the Realm of Zot.
You worshipped Uskayaw.
Uskayaw was greatly pleased with you.
You were not hungry.

You visited 10 branches of the dungeon, and saw 52 of its levels.
You also visited: Trove, Ice Cave and Wizlab.

You collected 9798 gold pieces.
You spent 1612 gold pieces at shops.

Inventory:

Hand Weapons
 x - the +5 pair of quick blades "Gyre" and "Gimble" (weapon) {pierce, Dex-3}
   (You took it off a spriggan defender on level 3 of the Depths)

   It inflicts extra damage upon your enemies.
   It affects your dexterity (-3).
 G - a +9 blowgun
 O - the +4 arc blade {discharge, rElec}
   (You found it on level 4 of the Lair of Beasts)

   It insulates you from electricity.
Missiles
 C - 15 curare-tipped needles
 L - a throwing net (quivered)
 M - 26 needles of confusion
Armour
 e - a +2 pair of gloves (worn)
 A - the +1 hat of Temperance (worn) {Dex+2 Slay+4}
   (You found it on level 3 of the Elven Halls)

   It affects your dexterity (+2).
   It affects your accuracy and damage with ranged weapons and melee attacks
   (+4).
 P - the +2 pair of boots of the Assassin (worn) {Detection Stab+ Stlth++}
   (You found it on level 6 of the Lair of Beasts)

   It makes you much more stealthy.
 U - the +1 cloak of Starlight (worn) {rElec rC+ EV+4 Stlth--}
   (You found it in a wizard's laboratory)

   It affects your evasion (+4).
   It protects you from cold.
   It insulates you from electricity.
   It makes you much less stealthy.
Jewellery
 h - the macabre finger necklace (around neck) {rN+}
   (You took it off a deep elf annihilator on level 3 of the Elven Halls)

   [amulet of nothing]

   It protects you from negative energy.
 j - the ring of Juesaig {rElec rC+ Str+2}
   (You found it on level 4 of the Realm of Zot)

   [ring of protection from cold]

   It affects your strength (+2).
   It protects you from cold.
   It insulates you from electricity.
 k - the ring of Shadows (on amulet) {Umbra +Inv Stlth+}
   (You took it off a deep elf death mage on level 3 of the Elven Halls)

   [ring of stealth]

   It lets you turn invisible.
   It makes you more stealthy.
 o - an uncursed ring of protection from magic
 v - the ring "Meantafra" (left hand) {rF+ rN+ Str+4 Dex-2 SInv}
   (You found it on level 2 of the Depths)

   [ring of protection from fire]

   It affects your strength (+4).
   It affects your dexterity (-2).
   It protects you from fire.
   It protects you from negative energy.
   It lets you see invisible.
 W - the ring "Qoaliwk" {rPois rN+ Str+2}
   (You found it on level 3 of the Crypt)

   [ring of positive energy]

   It affects your strength (+2).
   It protects you from poison.
   It protects you from negative energy.
 X - the ring "Hofevaba" (right hand) {rF+ rN+ Str+5 Stlth+}
   (You found it on level 3 of the Crypt)

   [ring of positive energy]

   It affects your strength (+5).
   It protects you from fire.
   It protects you from negative energy.
   It makes you more stealthy.
 Z - an uncursed amulet of faith
Wands
 l - a wand of acid (49)
 s - a wand of digging (49)
 J - a wand of scattershot (7)
 N - a wand of iceblast (60)
 S - a wand of clouds (14)
Scrolls
 a - 2 scrolls of summoning
 c - a scroll of brand weapon
 d - 16 scrolls of teleportation
 p - 3 scrolls of silence
 r - a scroll of holy word
 w - 26 scrolls of remove curse
 B - 7 scrolls of enchant armour
 D - 12 scrolls of fog
 I - 11 scrolls of fear
 K - 8 scrolls of enchant weapon
 Q - 13 scrolls of magic mapping
 T - 8 scrolls of identify
 V - 6 scrolls of amnesia
Potions
 b - 4 potions of haste
 g - 5 potions of cancellation
 i - 10 potions of curing
 m - 5 potions of ambrosia
 n - 8 potions of brilliance
 q - 8 potions of mutation
 t - 14 potions of flight
 u - 6 potions of might
 z - 5 potions of berserk rage
 E - 10 potions of resistance
 F - 8 potions of agility
 Y - 2 potions of magic
Books
 y - a manual of Spellcasting
Comestibles
 f - 49 rations


   Skills:
 + Level 20.3 Fighting
 + Level 19.9 Short Blades
   Level 2.0 Axes
   Level 2.0 Staves
 - Level 15.0 Throwing
 + Level 17.4 Dodging
 + Level 20.7 Stealth
   Level 4.0 Shields
 - Level 15.5 Spellcasting
 - Level 13.5 Hexes
 * Level 11.9 Charms
 + Level 20.0 Invocations


You had 33 spell levels left.
You knew the following spells:

 Your Spells              Type           Power        Failure   Level  Hunger
a - Confusing Touch       Hex            ####..       1%          1    None
b - Tukima's Dance        Hex            ####....     1%          3    None
c - Silence               Hex/Air        ###.......   13%         5    #####..
d - Regeneration          Chrm/Necr      ###.......   1%          3    None
e - Apportation           Tloc           #.....       8%          1    None
f - Blink                 Tloc           N/A          12%         2    None
s - Invisibility          Hex            ####....     4%          6    ######.
x - Spectral Weapon       Hex/Chrm       ####....     1%          3    None

Your spell library contained the following spells:

 Spells                   Type           Power        Failure   Level  Hunger
 Infusion                 Chrm           ####         1%          1    None
 Ensorcelled Hibernation  Hex/Ice        ###...       1%          2    None
 Shroud of Golubria       Chrm/Tloc      ###.......   1%          2    None
 Slow                     Hex            ####....     1%          2    None
 Swiftness                Chrm/Air       ###.....     1%          2    None
 Ozocubu's Armour         Chrm/Ice       ###.....     1%          3    None
 Summon Guardian Golem    Hex/Summ       ###.....     1%          3    None
 Leda's Liquefaction      Hex/Erth       ###.......   4%          4    ###....
 Darkness                 Hex            ####......   4%          6    ######.
 Animate Skeleton         Necr           N/A          8%          1    None
 Beastly Appendage        Tmut           #.....       8%          1    None
 Pain                     Necr           #...         8%          1    None
 Sandblast                Erth           #.....       8%          1    None
 Shock                    Conj/Air       #...         8%          1    None
 Summon Butterflies       Summ           #.......     8%          1    None
 Summon Small Mammal      Summ           #...         8%          1    None
 Call Imp                 Summ           #.......     12%         2    None
 Corpse Rot               Necr           N/A          12%         2    None
 Passwall                 Tmut/Erth      #.......     12%         2    None
 Sticks to Snakes         Tmut           #.......     12%         2    None
 Sublimation of Blood     Necr           #.........   12%         2    None
 Metabolic Englaciation   Hex/Ice        ###.......   13%         5    #####..
 Summon Mana Viper        Hex/Summ       ###.....     13%         5    #####..
 Yara's Violent Unravell  Hex/Tmut       ###.......   13%         5    #####..
 Iskenderun's Battlesphe  Conj/Chrm      ###.....     19%         5    #####..
 Call Canine Familiar     Summ           #.......     24%         3    None
 Gell's Gravitas          Tloc           #.........   24%         3    None
 Ignite Poison            Fire/Tmut/Pois #.......     24%         3    None
 Lesser Beckoning         Tloc           #.........   24%         3    None
 Mephitic Cloud           Conj/Pois/Air  #.......     24%         3    None
 Recall                   Summ/Tloc      N/A          24%         3    None
 Spider Form              Tmut/Pois      #.........   24%         3    None
 Static Discharge         Conj/Air       #.......     24%         3    None
 Stone Arrow              Conj/Erth      #.....       24%         3    None
 Teleport Other           Tloc           #.......     24%         3    None
 Vampiric Draining        Necr           #.........   24%         3    None
 Airstrike                Air            #.........   61%         4    ###....
 Animate Dead             Necr           N/A          61%         4    ###....
 Force Lance              Conj/Tloc      #.......     61%         4    ###....
 Ice Form                 Ice/Tmut       #.......     61%         4    ###....
 Passage of Golubria      Tloc           N/A          61%         4    ###....
 Petrify                  Tmut/Erth      #.......     61%         4    ###....
 Summon Ice Beast         Ice/Summ       #.......     61%         4    ###....
 Summon Lightning Spire   Summ/Air       #.......     61%         4    ###....
 Deflect Missiles         Chrm/Air       ###.......   71%         6    ######.
 Alistair's Intoxication  Tmut/Pois      #.......     91%         5    #####..
 Aura of Abjuration       Summ           #.........   91%         5    #####..
 Blade Hands              Tmut           #.........   91%         5    #####..
 Bolt of Magma            Conj/Fire/Erth #.........   91%         5    #####..
 Borgnjor's Vile Clutch   Necr/Erth      #.........   91%         5    #####..
 Dispel Undead            Necr           #.......     91%         5    #####..
 Lee's Rapid Deconstruct  Erth           #.........   91%         5    #####..
 Lightning Bolt           Conj/Air       #.........   91%         5    #####..
 Summon Demon             Summ           #.........   91%         5    #####..
 Summon Forest            Summ/Tloc      #.........   91%         5    #####..
 Venom Bolt               Conj/Pois      #.........   91%         5    #####..
 Bolt of Cold             Conj/Ice       #.........   100%        6    ######.
 Conjure Ball Lightning   Conj/Air       #.........   100%        6    ######.
 Death Channel            Necr           #.........   100%        6    ######.
 Dispersal                Tloc           #.........   100%        6    ######.
 Freezing Cloud           Conj/Ice/Air   #.........   100%        6    ######.
 Hydra Form               Tmut           #.........   100%        6    ######.
 Iron Shot                Conj/Erth      #.........   100%        6    ######.
 Ozocubu's Refrigeration  Ice            #.........   100%        6    ######.
 Shadow Creatures         Summ           N/A          100%        6    ######.
 Simulacrum               Ice/Necr       #.........   100%        6    ######.
 Statue Form              Tmut/Erth      #........    100%        6    ######.
 Haunt                    Necr/Summ      #.........   100%        7    #######
 Orb of Destruction       Conj           #.........   100%        7    #######
 Spellforged Servitor     Conj/Summ      #.........   100%        7    #######
 Summon Hydra             Summ           #.........   100%        7    #######
 Borgnjor's Revivificati  Necr           #.........   100%        8    #######
 Death's Door             Chrm/Necr      ###.......   100%        8    #######
 Disjunction              Tloc           #.........   100%        8    #######
 Infestation              Necr           #.........   100%        8    #######
 Necromutation            Tmut/Necr      #.........   100%        8    #######
 Shatter                  Erth           #.........   100%        9    #######
 Tornado                  Air            #.........   100%        9    #######


Dungeon Overview and Level Annotations

Branches:
Dungeon (15/15)            Temple (0/1) D:4            Lair (6/6) D:9
  Swamp (4/4) Lair:4        Snake (4/4) Lair:4        Slime (0/5) Lair:6
    Orc (2/2) D:10            Elf (3/3) Orc:2        Vaults (5/5) D:13
  Crypt (3/3) Vaults:2       Tomb (0/3) Crypt:3      Depths (5/5) D:15
    Zot (5/5) Depths:5

Altars:
Ashenzari
Dithmenos
Fedhas
Gozag
Hepliaklqana
Kikubaaqudgha
Makhleb
Nemelex Xobeh
Okawaru
Qazlal
Ru
Sif Muna
Uskayaw
Vehumet
Wu Jian
Xom
Yredelemnul
Zin
The Shining One
Beogh
Jiyva

Shops:
D:6 :   D:8 *   D:9 **   D:10 (   Orc:2 ?[[*%(=[   Snake:2 (   Vaults:2 ([**
Vaults:3 *   Vaults:4 !   Depths:1 =}}

Portals:
Hell: Depths:1 Depths:2 Depths:3 Depths:4 Depths:5
Abyss: Depths:2 Depths:4
Pandemonium: Depths:3
Ziggurat: Depths:1

Annotations:
D:12 Rupert
Lair:6 1 runed door
Snake:1 1 runed door, Noname's ghost, journeyman DDFi
Elf:2 1 runed door
Elf:3 1 exclusion


Innate Abilities, Weirdness & Mutations

You can breathe blasts of scalding, opaque steam.
Your pale cyan-grey scales are hard. (AC +13)
You cannot fit into any form of body armour.
You are cold-blooded and may be slowed by cold attacks.
You tend to lose your temper in combat.
You are very clumsy. (Dex -4)
You are dopey. (Int -2)
You are very frail. (-20% HP)
You occasionally shout uncontrollably at your foes.
You are occasionally teleported next to monsters.


Message History

* * * LOW HITPOINT WARNING * * *
The storm dragon misses you. x2
The white draconian knight gestures wildly while chanting.
The white draconian knight flickers and vanishes for a moment.
The white draconian barely misses you.
The ancient lich touches you but does no damage.
The electric golem barely misses you. The electric golem closely misses you.
The electric golem misses you.
The electric golem completely misses you.
You can no longer pass through a line of other dancers.
You take 10 damage, and have 6/197 hp.
You now have 38/42 mp.
Casting: Blink (safe; 12% risk of failure)
Confirm with . or Enter, or press ? or * to list all spells.
You blink.
The Killer Klown blinks!
The ancient lich gestures at you while chanting.
The bolt of lightning misses the orb of fire.
The bolt of lightning misses you.
The orb of fire glows red.
The fireball explodes!
The fireball engulfs you! You resist.
You die...

▓▓▓▓▓▓▓▓▓▓▓▓▓
......(.....▓▓▓▓
.......@....[..▓▓
.......§........▓▓
............§.^..▓
............dd...▓
..........pp*.d.▓▓
....p..q..q..L.▓▓
...........8D?▓▓
............^..▓
...........▓


You could see an orb of fire, 3 Killer Klowns, an electric golem, a white
draconian knight (invisible), an ancient lich, a storm dragon, a red draconian,
2 draconians and a black draconian shifter.

Vanquished Creatures
  An orb of fire (Zot:4)
  5 ancient liches
  Mennas (Vaults:5)
  The ghost of Vifoseveff the Stickfighter, a veteran GnEE of Uskayaw (Depths:2)
  Sojobo (Depths:2)
  Boris (Vaults:5)
  Margery (Vaults:5)
  The ghost of grindst0ne the Timeless, a veteran GnTm of Cheibriados (Vaults:4)
  2 curse toes
  14 golden dragons
  3 bone dragons
  2 electric golems
  20 tentacled monstrosities
  An Ice Fiend (IceCv)
  8 Orb Guardians (Zot:5)
  The ghost of DrakeDragon the Warrior, an adept OgWz of Okawaru (Swamp:2)
  Asterion (Snake:3)
  2 deep elf master archers (Elf:3)
  3 deep elf blademasters
  6 liches
  5 titans
  4 quicksilver dragons
  An eldritch tentacle (WizLab)
  10 death cobs
  A thorn hunter (Swamp:4)
  Agnes (Snake:4)
  Frances (D:12)
  Kirke (Lair:6)
  3 ancient champions
  10 sphinxes
  12 shadow dragons
  A storm dragon (shapeshifter) (Depths:3)
  13 tengu reavers
  4 draconian monks
  8 storm dragons
  8 nagarajas
  15 vault wardens
  5 ghost moths
  15 frost giants
  2 draconian knights
  6 fire giants
  An orc warlord (Orc:2)
  2 revenants (Crypt:2)
  10 deep elf sorcerers
  2 iron dragons (Depths:3)
  8 draconian shifters
  6 draconian scorchers
  3 cacodemons (Zot:4)
  A caustic shrike zombie (Crypt:2)
  A deep elf elementalist (Depths:3)
  2 draconian stormcallers
  4 spriggan defenders
  5 ghouls
  6 war gargoyles
  20 ironheart preservers
  25 very ugly things
  11 green draconians
  23 stone giants
  10 draconian annihilators
  Nessos (Lair:5)
  8 vampire knights
  7 deep elf demonologists
  11 black draconians
  14 purple draconians
  5 spark wasps
  7 deep elf annihilators
  7 yellow draconians
  A lorocyproca (Depths:2)
  11 white draconians
  6 red draconians
  The ghost of coffeespoons the Geomancer, a journeyman GrEE of Vehumet (Lair:4)
  4 eidola
  11 fire dragons
  13 deep elf death magi
  11 ettins
  A green death (Depths:2)
  3 crystal guardians (Crypt:3)
  18 yaktaur captains
  A death ooze (Lair:4)
  34 vault guards
  15 jiangshi
  12 ogre magi
  4 deep elf high priests
  4 great orbs of eyes
  Harold (D:11)
  11 naga warriors
  11 ice dragons
  28 hydras
  A quicksilver dragon skeleton (Crypt:3)
  2 rakshasas
  3 spectral tengu (Vaults:4)
  10 centaur warriors
  6 death knights
  A catoblepas (Lair:4)
  A hell beast (Depths:2)
  3 spriggan air magi
  5 anacondas
  4 shambling mangroves
  A spectral fire giant (Vaults:4)
  36 two-headed ogres
  8 deep troll shamans
  30 dancing weapons
  11 vampire magi
  5 tengu warriors
  2 alligators (shapeshifter)
  12 deep troll earth magi
  12 alligators
  A death yak (Lair:6)
  3 thrashing horrors (WizLab)
  Urug (Orc:1)
  Sonja (D:12)
  6 spriggan berserkers
  7 naga sharpshooters
  A sun demon (WizLab)
  19 deep elf knights
  5 shock serpents
  A titan skeleton (Crypt:3)
  4 shadow wraiths (Crypt:1)
  3 salamander mystics
  A fire crab (shapeshifter) (Vaults:4)
  A spectral yaktaur (Vaults:4)
  A sixfirhy (Depths:2)
  A fire crab (Lair:5)
  29 skeletal warriors
  9 hell knights
  42 slime creatures
  An iron troll (Depths:3)
  A spectral human (Vaults:4)
  12 swamp dragons
  9 unseen horrors
  10 sea snakes (Snake:2)
  2 spriggan druids (Swamp:4)
  11 flayed ghosts
  5 wizards
  A glowing orange brain (shapeshifter) (Depths:3)
  A glowing orange brain (Vaults:1)
  2 anaconda skeletons (Crypt:3)
  8 naga ritualists
  48 deep trolls
  An obsidian statue (WizLab)
  14 deep elf archers
  3 lindwurms (Swamp:4)
  A golden dragon skeleton (Crypt:2)
  Pikel (D:4)
  10 ironbrand convokers
  9 harpies
  A harpy (shapeshifter) (Vaults:4)
  16 orc knights
  5 phantasmal warriors
  A sphinx zombie (Crypt:1)
  59 deep elf magi
  3 orb spiders (shapeshifter)
  31 ugly things
  A stone giant zombie (Vaults:4)
  12 mana vipers
  A wolf spider (Vaults:3)
  A wolf spider zombie (Crypt:3)
  16 necromancers
  3 oklob plants (Lair:3)
  5 orc sorcerers
  7 manticores
  10 salamanders
  27 moths of wrath
  A fire giant zombie (Crypt:3)
  An elephant (Lair:3)
  9 cyclopes
  23 naga magi
  A worldbinder (WizLab)
  12 vault sentinels
  2 frost giant skeletons
  An ice statue (IceCv)
  24 black mambas
  A human skeleton (Vaults:4)
  2 centaur zombies
  A water nymph (shapeshifter) (Depths:2)
  A demonspawn skeleton (WizLab)
  3 guardian serpents
  A torpor snail (Lair:6)
  A smoke demon (WizLab)
  Psyche (D:11)
  A yaktaur zombie (Vaults:4)
  8 orange demons
  A dire elephant skeleton (Crypt:3)
  A gargoyle (D:13)
  24 spiny frogs
  3 anaconda simulacra (IceCv)
  28 yaktaurs
  A demonic crawler (WizLab)
  4 komodo dragons
  3 rime drakes
  24 freezing wraiths
  9 ice devils
  4 tengu conjurers
  2 ancient zymes (WizLab)
  3 red devils
  3 trolls
  2 golden dragon simulacra (Crypt:1)
  A jumping spider (shapeshifter) (Vaults:1)
  A wind drake (shapeshifter) (Depths:1)
  A yaktaur skeleton (Vaults:4)
  A shadow dragon simulacrum (Crypt:1)
  A polar bear (Lair:6)
  9 tyrant leeches
  A raiju (WizLab)
  A tengu simulacrum (Vaults:4)
  17 hornets
  Grinder (D:3)
  28 blink frogs
  A fire dragon zombie (Crypt:3)
  3 wolf spider simulacra
  A hydra skeleton (Crypt:1)
  An ettin zombie (Vaults:4)
  A blink frog (shapeshifter) (Depths:3)
  4 large abominations
  A guardian serpent zombie (Crypt:2)
  A death drake skeleton (Crypt:2)
  2 dream sheep (Lair:6)
  2 iron dragon simulacra (Crypt:1)
  3 stone giant simulacra
  12 bog bodies
  2 fire giant simulacra (Crypt:1)
  14 spriggans
  An ettin skeleton (Crypt:1)
  2 meliai zombies
  A shock serpent simulacrum (Crypt:1)
  8 hippogriffs
  2 shadows
  A redback (shapeshifter) (Depths:4)
  5 water elementals
  4 air elementals
  37 flying skulls
  A spriggan (shapeshifter) (Depths:2)
  11 wraiths
  2 wyverns (shapeshifter)
  3 wyverns
  3 dire elephant simulacra
  3 vampires
  A human (shapeshifter) (Depths:1)
  3 fire elementals
  10 hogs
  34 yaks
  A basilisk (Lair:3)
  A neqoxec (Depths:2)
  5 hungry ghosts
  3 fire bats (Lair:5)
  A wind drake skeleton (Crypt:1)
  A human (D:7)
  A golden eye (shapeshifter) (Vaults:1)
  26 vampire mosquitoes
  A hog (shapeshifter) (Vaults:2)
  3 elf simulacra
  A steam dragon (D:9)
  6 harpy simulacra
  An emperor scorpion simulacrum (Crypt:1)
  A yaktaur simulacrum (Vaults:4)
  54 nagas
  Edmund (D:4)
  6 spatial vortices (WizLab)
  An acid dragon (shapeshifter) (Vaults:4)
  6 wargs
  An acid dragon (D:15)
  A spiny frog zombie (Crypt:3)
  A soldier ant (D:11)
  19 swamp worms
  A soldier ant (shapeshifter) (Vaults:2)
  7 insubstantial wisps
  2 iron troll simulacra (IceCv)
  A glowing shapeshifter zombie (Crypt:1)
  An infernal demonspawn zombie (Crypt:2)
  10 hydra simulacra
  A water moccasin (shapeshifter) (Depths:3)
  2 floating eyes
  A merfolk skeleton (Crypt:2)
  6 porcupines
  12 water moccasins
  9 hell hounds
  46 orc warriors
  4 ettin simulacra
  3 ice beasts
  3 black bears (shapeshifter)
  2 phantoms (D:5)
  13 swamp drakes
  5 black bears (Lair:6)
  An eye of draining (D:13)
  4 sky beasts
  8 small abominations (Depths:2)
  An eye of draining (shapeshifter) (Vaults:2)
  5 necrophages
  A snapping turtle zombie (Crypt:3)
  25 wolves
  38 ogres
  4 boggarts
  12 centaurs
  13 crocodiles
  A big kobold (D:10)
  6 earth elementals
  6 elf zombies
  14 bullfrogs
  2 wyvern zombies (D:10)
  A water moccasin zombie (D:10)
  2 glowing shapeshifter simulacra
  3 wyvern skeletons
  5 scorpions
  10 wights
  19 killer bees
  A manticore simulacrum (Crypt:1)
  An electric eel (Snake:2)
  3 howler monkeys
  3 bullfrog zombies
  8 crimson imps
  2 draconian simulacra (IceCv)
  A quasit (D:15)
  12 hounds
  A bullfrog skeleton (D:11)
  23 orc priests
  8 jellies
  32 orc wizards
  Crazy Yiuf (D:5)
  3 centaur skeletons
  An iron imp (Depths:4)
  6 iguanas
  2 hell rats (Lair:4)
  14 worker ants
  Ijyb (D:4)
  5 troll simulacra
  A porcupine skeleton (Crypt:2)
  2 wolf simulacra (IceCv)
  An acid dragon zombie (Crypt:2)
  2 centaur simulacra (IceCv)
  An ogre zombie (Crypt:1)
  2 hound zombies (D:11)
  A naga skeleton (Crypt:1)
  4 gnolls (D:4)
  2 naga simulacra (IceCv)
  2 ogre simulacra (IceCv)
  11 adders
  10 river rats (Lair:4)
  4 shadow imps
  6 white imps (IceCv)
  8 ufetubi (IceCv)
  3 oozes
  A worm zombie (Crypt:1)
  An iguana skeleton (Crypt:2)
  3 adder skeletons
  An adder zombie (D:6)
  3 worms
  4 dart slugs
  6 leopard geckos
  117 orcs
  5 giant cockroaches
  5 goblins
  7 hobgoblins
  6 jackals
  9 quokkas
  7 bats
  2 frilled lizards
  A frilled lizard skeleton (Crypt:1)
  A giant cockroach zombie (D:5)
  A hobgoblin zombie (Crypt:1)
  11 kobolds
  An orc skeleton (Crypt:3)
  8 rats
  A fungus (Depths:3)
2529 creatures vanquished.

Vanquished Creatures (others)
  An orc high priest (Orc:2)
  A deep troll shaman (Depths:3)
  A deep elf mage (Elf:2)
  A naga mage (Snake:4)
  A freezing wraith (Vaults:5)
  A raiju (shapeshifter) (Depths:3)
  A slime creature (Vaults:1)
  A swamp worm (Swamp:4)
  A sky beast (D:5)
  An earth elemental (Elf:2)
  A bullfrog skeleton (D:4)
  An orc priest (Orc:2)
  A leopard gecko (D:4)
  5 fungi
  A lurking horror (WizLab)
  13 plants
32 creatures vanquished.

Grand Total: 2561 creatures vanquished

Notes
Turn   | Place    | Note
-------+----------+-------------------------------------------
     0 | D:1      | namelastname112 the Draconian Wanderer began the quest for
                  | the Orb.
     0 | D:1      | namelastname112 set off with: a +2 dagger, a potion of
                  | haste, a +0 quarterstaff, a scroll of teleportation, a
                  | ration
     0 | D:1      | Reached XP level 1. HP: 19/19 MP: 1/1
    61 | D:1      | Reached XP level 2. HP: 22/26 MP: 2/2
    65 | D:1      | Reached skill level 1 in Short Blades
   313 | D:1      | Reached XP level 3. HP: 31/31 MP: 3/3
   439 | D:2      | Found a hide-covered altar of Uskayaw.
   441 | D:2      | Noticed a hand axe
   441 | D:2      | Noticed a dagger
   456 | D:2      | Reached skill level 1 in Dodging
   482 | D:2      | Found a stormy altar of Qazlal.
   522 | D:2      | Found a stormy altar of Qazlal.
   631 | D:2      | Found a burning altar of Makhleb.
  1179 | D:2      | Became a worshipper of Uskayaw the Reveler
  1238 | D:3      | Reached * piety under Uskayaw
  1246 | D:3      | Reached XP level 4. HP: 26/40 MP: 4/4
  1405 | D:3      | Noticed Grinder
  1405 | D:3      | Paralysed by Grinder for 4 turns
  1428 | D:3      | Reached ** piety under Uskayaw
  1431 | D:3      | Reached *** piety under Uskayaw
  1432 | D:3      | Killed Grinder
  1432 | D:3      | Reached XP level 5. HP: 35/47 MP: 4/6
  1432 | D:3      | Reached XP level 6. HP: 39/53 MP: 4/7
  1879 | D:3      | Found a glowing golden altar of the Shining One.
  2136 | D:4      | Your scales start taking on a pale cyan-grey colour.
  2136 | D:4      | Reached XP level 7. HP: 48/60 MP: 8/8
  2225 | D:4      | Noticed Edmund
  2255 | D:4      | Killed Edmund
  2255 | D:4      | Reached skill level 5 in Fighting
  2661 | D:4      | Noticed Ijyb
  2663 | D:4      | Noticed Pikel
  2673 | D:4      | Killed Ijyb
  2673 | D:4      | Reached skill level 5 in Short Blades
  2683 | D:4      | Killed Pikel
  2683 | D:4      | Reached XP level 8. HP: 37/70 MP: 10/10
  3350 | D:4      | Found a sacrificial altar of Ru.
  3378 | D:4      | Found a staircase to the Ecumenical Temple.
  3542 | D:5      | Entered Level 5 of the Dungeon
  4172 | D:5      | Reached skill level 5 in Stealth
  4255 | D:5      | Reached XP level 9. HP: 54/75 MP: 12/12
  4381 | D:5      | Found a runed door.
  4475 | D:5      | Noticed Crazy Yiuf
  4479 | D:5      | Killed Crazy Yiuf
  4576 | D:6      | Found a burning altar of Makhleb.
  4576 | D:6      | Noticed an Executioner
  4581 | D:6      | Reached skill level 5 in Invocations
  4872 | D:6      | Found Fangik's Book Shop.
  5007 | D:6      | Reached **** piety under Uskayaw
  5016 | D:6      | Reached ***** piety under Uskayaw
  5213 | D:6      | Found a deep blue altar of Sif Muna.
  5347 | D:6      | Reached skill level 5 in Dodging
  5847 | D:7      | Reached XP level 10. HP: 74/86 MP: 14/14
  6908 | D:8      | Found a hazy altar of Hepliaklqana.
  6955 | D:8      | Found a basalt altar of Yredelemnul.
  6958 | D:8      | Found an iron altar of Okawaru.
  6961 | D:8      | Found a sparkling altar of Nemelex Xobeh.
  7279 | D:8      | Found Hotekloe's General Store.
  7469 | D:8      | Found a shattered altar of Ashenzari.
  7516 | D:8      | Identified a scroll of acquirement
  7644 | D:9      | Found a shadowy altar of Dithmenos.
  8051 | D:9      | Found Loum's Assorted Antiques.
  8059 | D:9      | Bought a black potion for 27 gold pieces
  8059 | D:9      | Bought a scroll labeled YCAQUN ZOSESHRO for 31 gold pieces
  8086 | D:9      | Found a blossoming altar of Fedhas.
  8116 | D:9      | Found an ornate altar of the Wu Jian Council.
  8246 | D:9      | Found Luvvul's General Store.
  8278 | D:9      | Found a staircase to the Lair.
  8381 | D:10     | Entered Level 10 of the Dungeon
  8394 | D:10     | Found Tuleluz's Antique Weapon Shop.
  8439 | D:10     | Reached ****** piety under Uskayaw
  8614 | D:10     | Reached XP level 11. HP: 90/95 MP: 16/16
  8623 | D:10     | Reached skill level 10 in Short Blades
  8683 | D:10     | Found a staircase to the Orcish Mines.
  8690 | D:10     | Found a roughly hewn altar of Beogh.
  8790 | D:10     | Found a roughly hewn altar of Beogh.
  8931 | D:10     | Killed an unseen horror
  9237 | D:11     | Noticed a two-headed ogre
  9252 | D:11     | Killed a two-headed ogre
  9253 | D:11     | Noticed a green ugly thing
  9277 | D:11     | Killed a green ugly thing
  9357 | D:11     | Noticed Harold
  9360 | D:11     | Killed Harold
  9389 | D:11     | Noticed Psyche
  9401 | D:11     | Killed Psyche
  9409 | D:11     | Noticed a two-headed ogre
  9449 | D:11     | Killed a two-headed ogre
  9774 | D:11     | Found a burning altar of Makhleb.
 10482 | D:12     | Killed an unseen horror
 10482 | D:12     | Reached skill level 1 in Throwing
 10482 | D:12     | Reached XP level 12. HP: 98/105 MP: 18/18
 10603 | D:12     | Noticed Frances
 10615 | D:12     | Killed Frances
 10695 | D:12     | Noticed Sonja
 10706 | D:12     | Killed Sonja
 11015 | D:12     | Noticed Rupert
 11442 | D:13     | Noticed a four-headed hydra
 11457 | D:13     | Killed a four-headed hydra
 11804 | D:13     | Got a shimmering dagger
 11805 | D:13     | Identified the +8 dagger of Arbitration {pierce, rF++ Str-2
                  | Dex+2 Stlth+} (You found it on level 13 of the Dungeon)
 12124 | D:13     | Noticed a vault guard
 12184 | D:13     | You fall through a shaft for 2 floors!
 12184 | D:15     | Entered Level 15 of the Dungeon
 12206 | D:15     | Reached skill level 10 in Fighting
 12396 | D:15     | Noticed a two-headed ogre
 12913 | D:15     | Noticed an ice dragon
 12916 | D:15     | Noticed a fire dragon
 13068 | D:14     | Reached skill level 10 in Stealth
 13084 | D:14     | Found a portal to a secret trove of treasure.
 13404 | Lair:1   | Entered Level 1 of the Lair of Beasts
 13524 | Lair:1   | Learned a level 1 spell: Confusing Touch
 13534 | Lair:1   | Noticed a four-headed hydra
 13542 | Lair:1   | Killed a four-headed hydra
 13542 | Lair:1   | Reached skill level 1 in Spellcasting
 13542 | Lair:1   | Reached skill level 1 in Hexes
 13542 | Lair:1   | Reached XP level 13. HP: 113/113 MP: 20/20
 15432 | Lair:3   | Reached skill level 5 in Spellcasting
 15432 | Lair:3   | Reached skill level 5 in Hexes
 15812 | Lair:4   | Found a staircase to the Swamp.
 16082 | Lair:4   | Found a staircase to the Snake Pit.
 16432 | Lair:4   | Found a runed gate.
 16432 | Lair:4   | Found a runed gate.
 16432 | Lair:4   | Found a runed gate.
 16437 | Lair:4   | Noticed coffeespoons's ghost (journeyman GrEE)
 16440 | Lair:4   | Found a viscous altar of Jiyva.
 16441 | Lair:4   | Found the +4 arc blade {discharge, rElec}
 16441 | Lair:4   | Noticed a death ooze
 16450 | Lair:4   | Killed a death ooze
 16451 | Lair:4   | Killed coffeespoons's ghost
 17087 | Lair:5   | Reached XP level 14. HP: 75/121 MP: 24/24
 17104 | Lair:5   | Found a transporter.
 17193 | Lair:5   | Found a transporter.
 17414 | Lair:5   | Noticed Nessos
 17422 | Lair:5   | Killed Nessos
 17700 | Lair:6   | Entered Level 6 of the Lair of Beasts
 17703 | Lair:6   | Noticed Kirke
 17726 | Lair:6   | Killed Kirke
 17959 | Lair:6   | Got an iridescent broad axe
 17960 | Lair:6   | Identified the cursed +0 broad axe "Yveufen" {venom, rPois
                  | rC+ Str-3 Int+3} (You found it on level 6 of the Lair of
                  | Beasts)
 18703 | Lair:6   | Found the +2 pair of boots of the Assassin {Detection Stab+
                  | Stlth++}
 18892 | Lair:6   | Found a runed door.
 18893 | Lair:6   | Noticed an acid blob
 18894 | Lair:6   | Noticed an acid blob
 18895 | Lair:6   | Found a viscous altar of Jiyva.
 18895 | Lair:6   | Found a staircase to the Slime Pits.
 19408 | Orc:1    | Entered Level 1 of the Orcish Mines
 19427 | Orc:1    | Noticed Urug
 19441 | Orc:1    | Killed Urug
 19837 | Orc:2    | Entered Level 2 of the Orcish Mines
 19837 | Orc:2    | Found Qour's Magic Scroll Shoppe.
 19840 | Orc:2    | Found Keytam's Armour Shoppe.
 19951 | Orc:2    | Noticed an orc warlord
 19969 | Orc:2    | Found Loask's Antique Armour Emporium.
 20086 | Orc:2    | Found a staircase to the Elven Halls.
 20434 | D:6      | Bought a book of Party Tricks for 600 gold pieces
 20441 | D:6      | Learned a level 6 spell: Invisibility
 20598 | Orc:2    | Found a roughly hewn altar of Beogh.
 20605 | Orc:2    | Killed an orc warlord
 20613 | Orc:2    | Reached skill level 10 in Spellcasting
 20613 | Orc:2    | Reached skill level 10 in Hexes
 20620 | Orc:2    | Found Ziaxt's Antique Armour Shop.
 20643 | Orc:2    | Reached XP level 15. HP: 62/126 MP: 27/29
 20759 | Orc:2    | Found Bukkypp's General Store.
 20766 | Orc:2    | Bought a scroll of blinking for 120 gold pieces
 20776 | Orc:2    | Found Mone's Jewellery Shop.
 20792 | Orc:2    | Found Boebod's Antique Weapon Shop.
 20883 | Orc:2    | Found Qipsaff's Food Boutique.
 21012 | Orc:2    | Bought a glowing cloak for 262 gold pieces
 21044 | Orc:2    | Found a radiant altar of Vehumet.
 21579 | D:9      | Bought a scroll of blinking for 232 gold pieces
 21750 | D:14     | You paid a toll of 4 scrolls of blinking to enter a
                  | treasure trove
 21751 | Trove    | Entered a treasure trove
 21780 | Trove    | Identified Sif Muna's Collected Works on Bewitchment
 21786 | Trove    | Identified the Handbook of the Fetching Snowflakes
 21809 | Trove    | Identified the Collected Works on Talismans
 21829 | Trove    | Learned a level 3 spell: Spectral Weapon
 22580 | D:13     | Found a gate to the Vaults.
 23781 | D:15     | Found a staircase to the Depths.
 24414 | Orc:2    | Bought a scroll of brand weapon for 340 gold pieces
 24436 | Elf:1    | Entered Level 1 of the Elven Halls
 24570 | Elf:1    | Identified the Guide on Evil
 25970 | Elf:2    | Reached skill level 10 in Invocations
 26246 | Elf:2    | Reached XP level 16. HP: 116/136 MP: 27/32
 27090 | Elf:2    | Found a runed door.
 27192 | Elf:2    | Found a runed door.
 27373 | Elf:3    | Entered Level 3 of the Elven Halls
 27556 | Elf:3    | Found a frozen archway.
 27575 | IceCv    | Entered an ice cave
 28124 | IceCv    | Noticed an Ice Fiend
 28298 | IceCv    | Killed an Ice Fiend
 28489 | IceCv    | Got a pair of twisted boots
 28490 | IceCv    | Identified the -1 pair of boots of a ziggurat {rN+ Slay+3}
                  | (You found it in an ice cave)
 28544 | Elf:3    | Noticed a deep elf blademaster
 28550 | Elf:3    | Killed a deep elf blademaster
 29497 | Elf:3    | Noticed a deep elf master archer
 29509 | Elf:3    | Killed a deep elf master archer
 29944 | Elf:3    | Noticed a Tzitzimitl
 29947 | Elf:3    | Noticed a Brimstone Fiend
 29949 | Elf:3    | Noticed an Executioner
 30023 | Elf:3    | Reached XP level 17. HP: 140/146 MP: 34/34
 30222 | Elf:3    | Noticed a deep elf master archer
 30225 | Elf:3    | Noticed a deep elf blademaster
 30228 | Elf:3    | Killed a deep elf master archer
 30231 | Elf:3    | Killed a deep elf blademaster
 31109 | Elf:3    | Got a pair of distressingly furry boots
 31123 | Elf:3    | Identified the +2 pair of boots of Kyfynajy {+Inv +Fly rF-
                  | Dex+6} (You found it on level 3 of the Elven Halls)
 31396 | Elf:3    | Got a smoking hat
 31402 | Elf:3    | Identified the +1 hat of Temperance {Dex+2 Slay+4} (You
                  | found it on level 3 of the Elven Halls)
 32099 | Lair:3   | Reached skill level 10 in Dodging
 32932 | Elf:2    | Noticed a deep elf blademaster
 32939 | Elf:2    | Killed a deep elf blademaster
 33739 | Swamp:1  | Entered Level 1 of the Swamp
 33972 | Swamp:1  | Reached skill level 5 in Throwing
 34114 | Swamp:1  | Paralysed by a hornet for 2 turns
 35445 | Swamp:2  | Found a runed gate.
 35445 | Swamp:2  | Found a runed gate.
 35447 | Swamp:2  | Noticed DrakeDragon's ghost (adept OgWz)
 35479 | Swamp:2  | Found a runed gate.
 35493 | Swamp:2  | Killed DrakeDragon's ghost
 35625 | Swamp:2  | Reached XP level 18. HP: 146/155 MP: 36/36
 36206 | Swamp:3  | Paralysed by a hornet for 1 turns
 37231 | Swamp:4  | Entered Level 4 of the Swamp
 37245 | Swamp:4  | Found an ancient bone altar of Kikubaaqudgha.
 37663 | Swamp:4  | Noticed a tentacled monstrosity
 37677 | Swamp:4  | Killed a tentacled monstrosity
 38189 | Swamp:4  | Reached skill level 15 in Spellcasting
 38560 | Swamp:4  | Got a decaying rune of Zot
 39101 | Snake:1  | Entered Level 1 of the Snake Pit
 39218 | Snake:1  | Found a runed door.
 39219 | Snake:1  | Noticed Noname's ghost (journeyman DDFi)
 40624 | Snake:2  | HP: 4/157 [sea snake (17)]
 41158 | Snake:2  | Found Xiyrgh's Antique Weapon Boutique.
 41170 | Snake:2  | Reached XP level 19. HP: 123/163 MP: 38/38
 42458 | Snake:3  | Noticed Asterion
 42483 | Snake:3  | Killed Asterion
 42930 | Snake:4  | Entered Level 4 of the Snake Pit
 43216 | Snake:4  | Noticed Agnes
 43226 | Snake:4  | Killed Agnes
 43545 | Snake:4  | Found a glowing silver altar of Zin.
 45048 | Snake:4  | Got a serpentine rune of Zot
 45206 | Snake:4  | Learned a level 3 spell: Tukima's Dance
 45212 | Snake:4  | Learned a level 5 spell: Silence
 45214 | Snake:4  | Learned a level 1 spell: Apportation
 45500 | Vaults:1 | Entered Level 1 of the Vaults
 46170 | Vaults:1 | Reached XP level 20. HP: 147/173 MP: 33/39
 46738 | Vaults:1 | Reached skill level 10 in Throwing
 47131 | Vaults:2 | Found the +3 hat of Pondering {ponderous, MR+ MP+10 Int+5}
 47314 | Vaults:2 | Found Gosepp's Weapon Shop.
 47501 | Vaults:2 | Got an ancient platinum ring
 47521 | Vaults:2 | Identified the ring "Ygonie" {MP+9 Int+4} (You found it on
                  | level 2 of the Vaults)
 47693 | Vaults:2 | Found a staircase to the Crypt.
 47707 | Vaults:2 | Found Gozag's Assorted Antiques.
 47713 | Vaults:2 | Found an opulent altar of Gozag.
 47720 | Vaults:2 | Found Gozag's Antique Armour Shop.
 47726 | Vaults:2 | Found Gozag's Assorted Antiques.
 48314 | Vaults:3 | Reached skill level 15 in Short Blades
 48385 | Vaults:3 | Found Icisuokhlyf's Assorted Antiques.
 48967 | Vaults:3 | Reached XP level 21. HP: 159/182 MP: 40/40
 49350 | Vaults:4 | Found Muott's Distillery.
 49477 | Vaults:4 | Noticed an ancient lich
 49485 | Vaults:4 | Killed an ancient lich
 49572 | Vaults:4 | Found a magical portal.
 49654 | WizLab   | Entered The Roulette of Golubria
 49654 | WizLab   | Found a transporter.
 49657 | WizLab   | Found a corrupted altar of Lugonu.
 49765 | WizLab   | Found a transporter.
 49797 | WizLab   | Found a transporter.
 49800 | WizLab   | Found a transporter.
 49855 | WizLab   | Found a transporter.
 49872 | WizLab   | Found a transporter.
 49872 | WizLab   | Found a transporter.
 50002 | WizLab   | Found a transporter.
 50002 | WizLab   | Found a transporter.
 50024 | WizLab   | Found a corrupted altar of Lugonu.
 50041 | WizLab   | Found a transporter.
 50041 | WizLab   | Found a transporter.
 50064 | WizLab   | Identified Golubria's Grimoire of the Traveller
 50295 | WizLab   | Found a transporter.
 50295 | WizLab   | Found a transporter.
 50326 | WizLab   | Found a transporter.
 50364 | WizLab   | Found a transporter.
 50364 | WizLab   | Found a transporter.
 50375 | WizLab   | Identified the Handbook of the Exiled Wishes
 50397 | WizLab   | Found the +1 cloak of Starlight {rElec rC+ EV+4 Stlth--}
 50633 | WizLab   | Found a transporter.
 50686 | WizLab   | Found a transporter.
 50686 | WizLab   | Found a transporter.
 50707 | WizLab   | Found a transporter.
 50795 | WizLab   | Got a faintly humming cloak
 50801 | WizLab   | Identified the +1 cloak of Toqoj Ruur {rElec Dex-2 Slay-3
                  | Stlth+} (You found it in a wizard's laboratory)
 50804 | WizLab   | Got a bloodstained cloak
 50805 | WizLab   | Identified the +0 cloak "Ixoamyss" {MR+} (You found it in a
                  | wizard's laboratory)
 50939 | Vaults:4 | Reached skill level 15 in Fighting
 51633 | Vaults:4 | Found a runed gate.
 51633 | Vaults:4 | Found a runed gate.
 51634 | Vaults:4 | Found a runed gate.
 51676 | Vaults:4 | Noticed grindst0ne's ghost (veteran GnTm)
 51715 | Vaults:4 | Killed grindst0ne's ghost
 51951 | Depths:1 | Entered Level 1 of the Depths
 52116 | Depths:1 | Found a gateway to Hell.
 52193 | Depths:1 | Found a gateway to a ziggurat.
 52281 | Depths:1 | You fall through a shaft!
 52289 | Depths:2 | Noticed Sojobo
 52315 | Depths:2 | Killed Sojobo
 52555 | Depths:2 | Reached XP level 22. HP: 153/193 MP: 41/41
 52614 | Depths:2 | Reached skill level 15 in Invocations
 53317 | Depths:2 | Found a runed gate.
 53317 | Depths:2 | Found a runed gate.
 53317 | Depths:2 | Found a runed gate.
 53317 | Depths:2 | Noticed Vifoseveff's ghost (veteran GnEE)
 53700 | Depths:2 | Gained mutation: You are dopey. (Int -2) [a neqoxec]
 54239 | Depths:2 | Reached skill level 15 in Stealth
 54260 | Depths:2 | Found a one-way gate to the infinite horrors of the Abyss.
 54488 | Depths:2 | Killed Vifoseveff's ghost
 54511 | Depths:2 | Got a flickering jade ring
 54518 | Depths:2 | Identified the ring "Meantafra" {rF+ rN+ Str+4 Dex-2 SInv}
                  | (You found it on level 2 of the Depths)
 54644 | Depths:1 | Found Cuosh's Jewellery Shop.
 54645 | Depths:1 | Found Ezewkuan's Gadget Emporium.
 54645 | Depths:1 | Found Boikh's Gadget Emporium.
 56149 | Depths:3 | Found a one-way gate leading to the halls of Pandemonium.
 56217 | Depths:3 | Found a shimmering altar of Xom.
 56217 | Depths:3 | Found an opulent altar of Gozag.
 56218 | Depths:3 | Found a glowing silver altar of Zin.
 56444 | Depths:3 | Reached XP level 23. HP: 139/202 MP: 42/42
 58805 | Depths:4 | Reached skill level 15 in Throwing
 59781 | Depths:5 | Entered Level 5 of the Depths
 60297 | Depths:5 | Found a gate to the Realm of Zot.
 60326 | Depths:5 | Reached XP level 24. HP: 189/214 MP: 42/42
 61507 | Vaults:5 | Entered Level 5 of the Vaults
 62138 | Vaults:5 | Noticed an ancient lich
 62159 | Vaults:5 | Killed an ancient lich
 62159 | Vaults:5 | Reached skill level 15 in Dodging
 62437 | Vaults:5 | Noticed Margery
 62453 | Vaults:5 | Killed Margery
 62757 | Vaults:5 | Got a silver rune of Zot
 62759 | Vaults:5 | Identified Goatilil's Grimoire of Ensnaring Stolen Souls
 62956 | Vaults:5 | Noticed Boris
 62985 | Vaults:5 | Killed Boris
 63218 | Vaults:5 | Noticed an ancient lich
 63245 | Vaults:5 | Killed an ancient lich
 63245 | Vaults:5 | Reached XP level 25. HP: 102/224 MP: 38/42
 63732 | Vaults:5 | Got a scintillating brass amulet
 64182 | Vaults:5 | Identified the Guide on Unstable Feathers
 64206 | Vaults:5 | Noticed Mennas
 64244 | Vaults:5 | Killed Mennas
 65011 | Vaults:5 | Upgraded the game from 0.23-a0-269-g65e0026 to
                  | 0.23-a0-270-gab6feb3
 65146 | Crypt:1  | Entered Level 1 of the Crypt
 65427 | Crypt:1  | Identified the Grimoire of Dusty Summoning
 65777 | Crypt:1  | Learned a level 3 spell: Regeneration
 65853 | Crypt:1  | Reached skill level 1 in Charms
 66385 | Crypt:1  | Paralysed by a lich for 7 turns
 67820 | Crypt:3  | Entered Level 3 of the Crypt
 68028 | Crypt:3  | Reached skill level 5 in Charms
 68336 | Crypt:3  | Found a basalt altar of Yredelemnul.
 68336 | Crypt:3  | Noticed an ancient lich
 68354 | Crypt:3  | Killed an ancient lich
 68354 | Crypt:3  | Reached XP level 26. HP: 221/234 MP: 42/42
 68385 | Crypt:3  | Identified the amulet "Uwueramy" {Gourm rF+ Slay+2} (You
                  | took it off a vault warden on level 5 of the Vaults)
 68446 | Crypt:3  | Found a staircase to the Tomb.
 68719 | Crypt:3  | Got a coiled silver ring
 68719 | Crypt:3  | Got a brightly glowing bone ring
 68731 | Crypt:3  | Identified the ring "Nofoiziz" {rN+ Str+4 Slay+2} (You
                  | found it on level 3 of the Crypt)
 68733 | Crypt:3  | Identified the ring "Hofevaba" {rF+ rN+ Str+5 Stlth+} (You
                  | found it on level 3 of the Crypt)
 68738 | Crypt:3  | Got a brightly glowing copper ring
 68739 | Crypt:3  | Identified the ring "Qoaliwk" {rPois rN+ Str+2} (You found
                  | it on level 3 of the Crypt)
 69436 | Zot:1    | Entered Level 1 of the Realm of Zot
 71935 | Zot:3    | Reached XP level 27. HP: 58/245 MP: 39/42
 72974 | Zot:4    | Found a transporter.
 73070 | Zot:4    | Reached skill level 10 in Charms
 73130 | Zot:4    | Found a transporter.
 73534 | Zot:4    | Noticed an orb of fire
 73586 | Zot:4    | Gained mutation: You are clumsy. (Dex -2) [a cacodemon]
 73600 | Zot:4    | Gained mutation: You are very clumsy. (Dex -4) [an orb of
                  | fire]
 73613 | Zot:4    | Gained mutation: You are frail. (-10% HP) [an orb of fire]
 73625 | Zot:4    | Gained mutation: You are occasionally teleported next to
                  | monsters. [an orb of fire]
 73628 | Zot:4    | Gained mutation: You tend to lose your temper in combat. [a
                  | cacodemon]
 73631 | Zot:4    | Gained mutation: You are very frail. (-20% HP) [an orb of
                  | fire]
 73645 | Zot:4    | HP: 9/196 [acid (12)]
 74516 | Zot:4    | Learned a level 2 spell: Blink
 74531 | Zot:4    | Gained mutation: You occasionally shout uncontrollably at
                  | your foes. [an orb of fire]
 74540 | Zot:4    | Killed an orb of fire
 74655 | Zot:4    | Got a coiled lapis lazuli ring
 74657 | Zot:4    | Identified the ring of Juesaig {rElec rC+ Str+2} (You found
                  | it on level 4 of the Realm of Zot)
 74770 | Zot:4    | Got a clouded glass ring
 74771 | Zot:4    | Identified the ring "Innatwoah" {rPois Stlth+} (You found
                  | it on level 4 of the Realm of Zot)
 74789 | Zot:5    | Entered Level 5 of the Realm of Zot
 74790 | Zot:5    | Malog: модная шапочка
 75141 | Zot:5    | Noticed an ancient lich
 75144 | Zot:5    | Killed an ancient lich
 75250 | Zot:5    | Noticed an ancient lich
 75253 | Zot:5    | Noticed an orb of fire
 75255 | Zot:5    | Paralysed by an ancient lich for 4 turns
 75261 | Zot:5    | HP: 6/197 [storm dragon (10)]
 75262 | Zot:5    | Killed from afar by an orb of fire

Vault maps used:
D:1:      dpeg_arrival_ternary, minivault_19
D:2:      lemuel_round_altar, lemuel_round_altar, dancing_weapons_uskayaw,
          nrook_loot_triangle, grunt_qazlal_clouds
D:3:      nicolae_tso_swordbearing_angel, uniq_grinder
D:4:      nicolae_ru_the_path_less_chosen, minmay_temple_entry_fiery,
          first_ration, uniq_pikel, uniq_ijyb, uniq_edmund
D:5:      corexii_checkpoint_b, palyth_stone_intersect, dk_vineyard_1,
          uniq_crazy_yiuf_cottage
D:6:      lemuel_doored_altar, serial_shops, nicolae_shop_stone, serial_glass,
          glass_columns_c, glass_columns_a, minmay_strange_pillars,
          minmay_strange_pillars, item_on_display_a, makhleb_altar_promises_db
D:7:      grunt_livestock, eino_jars
D:8:      lemuel_crystal_altar, grunt_temple_overflow_cloverleaf, serial_shops,
          nicolae_shop_behind_doors
D:9:      lemuel_coloured_pillars_altar, nicolae_dithmenos_shadow_blocks,
          fedhas_altar_2, lair_entry_dummy, serial_shops, shop,
          nicolae_shop_trees, patterned_corridor
D:10:     minmay_orc_entry_temple_small, serial_shops, shop, special_room,
          hangedman_decor_lopped
D:11:     basic_altar, uniq_psyche, uniq_harold
D:12:     uniq_sonja, uniq_frances, uniq_rupert
D:13:     grunt_vaults_entry_fortified
D:14:     nicolae_trove_entry_crystal, serial_park_tiny_2,
          minmay_beelzebubs_servants
D:15:     grunt_enter_depths_hoard, grunt_decor_mini_mirrors
Lair:3:   grunt_megastairs_1, minmay_lair_oklob_chamber
Lair:4:   swamp_mist, minmay_snake_entry_guardpost_small, gammafunk_ghost_ooze,
          kennysheep_rathole, grunt_megastairs_4
Lair:5:   gammafunk_cloud_chamber, beast_lair_carwin_6, uniq_nessos
Lair:6:   minmay_lair_end_enchanted_forest, slime_altar_2, grunt_megastairs_5,
          uniq_kirke
Swamp:1:  infiniplex_staircase_pool_2, swamp_pool3
Swamp:2:  ebering_ghost_rock_garden, evilmike_swamp_ruin_house_1, swamp_pool5,
          cheibrodos_swamp_pet_leeches
Swamp:3:  nicolae_swamp_very_dense_foliage, swamp_pool1,
          nicolae_swamp_trees_clearing, cheibrodos_swamp_slimy
Swamp:4:  swamp_alternative, grunt_ruined_hall
Snake:1:  ebering_ghost_inner_flame
Snake:2:  serial_shops, nicolae_shop_overgrown_old_shop, serial_bayou_lake_a,
          serial_bayou_shore_b
Snake:3:  uniq_asterion
Snake:4:  minmay_snake_end_coiled, basic_altar, lemuel_fruit_tree,
          serial_bayou_shore_b, uniq_agnes
Orc:1:    uniq_urug
Orc:2:    grunt_orc_cross, basic_altar, serial_shops, shop, nicolae_shop_trees,
          shop, shop
Elf:1:    minmay_elf_necromancy
Elf:3:    grunt_elf_hall_diamonds, portal_ice_cave_entry_pillars_three
Vaults:1: nicolae_vaults_shelves_hall, v_misc_26, nicolae_vaults_quartermaster,
          nicolae_vaults_theta, ontoclasm_vaults_hangar,
          nicolae_vaults_mini_display_case, vaults_room_large_hall,
          vaults_room_grid, vaults_room_boxed, vaults_room_fancy_cross,
          nicolae_vaults_little_squares_5
Vaults:2: minmay_crypt_entry_simple_box, grunt_vaults_funnel,
          kennysheep_vaults_gozag_temple, v_rooms_6, ontoclasm_vaults_pinch,
          v_misc_29, nicolae_vaults_little_squares_3, v_misc_15,
          nicolae_vaults_shelves_hall, v_misc_8,
          vaults_standard_mumra_enter_the_diamond, ontoclasm_vaults_twist,
          vaults_room_corners, v_pattern_4, ontoclasm_vaults_ligature,
          serial_shops, shop
Vaults:3: vaults_room_pools, vaults_standard_mumra_x,
          nicolae_vaults_circle_grid_b, v_misc_28,
          nicolae_vaults_network_quinsquares, ontoclasm_vaults_ring_small,
          vaults_mumra_lcd, serial_shops, shop_statue
Vaults:4: gammafunk_vaults_ghost_necromancy, ontoclasm_vaults_eye, v_misc_15,
          hangedman_vaults_trim, vaults_mumra_chevron_long, v_misc_3,
          vaults_room_octagon, hangedman_vaults_capsules,
          nicolae_vaults_angled_halls, nicolae_vaults_network_barrier,
          vaults_dpeg_encased_lava, nicolae_vaults_circle_grid_a,
          nicolae_vaults_murderbox, v_misc_32, serial_shops, shop,
          mu_enter_wizlab_5
Vaults:5: uniq_margery, uniq_boris, uniq_mennas
Crypt:1:  st_chilly_death, grunt_crypt_arrival_webbed,
          roderic_lattice_octagonal_star
Crypt:3:  cryptofortress_bobbens
Depths:1: enter_ziggurat_a, hell_entry, hangedman_abyss_or_decor_lesser_grid,
          kennysheep_generic_room_15, minmay_shop_grove
Depths:2: minmay_mutant_horseshoe, minmay_room_of_horrors, hell_entry,
          biasface_ghost_demon_polymorph, hangedman_glass_teeth, special_room,
          grunt_ministairs_2, roderic_cross_of_infinity, uniq_sojobo
Depths:3: hangedman_slaughterboxes, hell_entry, pan_entry
Depths:4: cheibrodos_salmonella, hangedman_decor_clover_reticule, abyss_entry,
          grunt_hell_entry_dis_old
Depths:5: grunt_zot_entry_tricorne, fountainhead, hell_entry,
          serial_co_window_serial, co_window_corner_a, co_window_paths_b,
          co_window_paths_a, co_window_of_opportunity_a,
          co_window_of_opportunity_a, co_window_broadway_a, co_window_2corner,
          co_window_of_opportunity_b, co_window_unsneaky_path_a,
          co_window_of_opportunity_b, glass_columns_c, glass_columns_a,
          glass_columns_b, glass_columns_a
Zot:1:    hangedman_zot_decor_unnerving_road
Zot:4:    gammafunk_dig_for_victory
Trove:    trove_library
IceCv:    ice_cave_caverns_01
WizLab:   wizlab_golubria

Skill      XL: |  1  2  3  4  5  6  7  8  9 10 11 12 13 14 15 16 17 18 19 20 21 22 23 24 25 26 27 |
---------------+----------------------------------------------------------------------------------+-----
Stealth        | 2 3 4 5 6 7 8 10 11 12 13 14 15 16 17 18 19 20 | 20.7
Short Blades   | 1 2 3 4 5 6 8 9 11 12 13 14 15 16 17 18 19 | 19.9
Dodging        | 1 2 3 4 5 6 7 8 9 10 11 12 13 14 15 16 17 | 17.4
Fighting       | 4 5 6 7 8 9 10 11 12 13 14 15 16 17 18 19 20 | 20.3
Invocations    | 2 3 4 5 7 8 9 10 11 12 13 14 15 16 17 18 19 20 | 20.0
Throwing       | 1 3 5 7 9 11 12 14 15 | 15.0
Spellcasting   | 1 7 10 12 13 14 15 | 15.5
Hexes          | 1 7 10 11 12 13 | 13.5
Shields        | 4 |  4.0
Charms         | 5 9 11 | 11.9
Axes           | |  2.0
Staves         | |  2.0

Action                   |  1- 3 |  4- 6 |  7- 9 | 10-12 | 13-15 | 16-18 | 19-21 | 22-24 | 25-27 || total
-------------------------+-------+-------+-------+-------+-------+-------+-------+-------+-------++-------
Melee: Dagger            |   100 |   111 |   370 |   316 |   256 |       |       |       |       ||  1153
       Tailslap          |     4 |    15 |    65 |   118 |   123 |   183 |   183 |   352 |   362 ||  1405
       Quick blade       |       |       |       |   481 |       |    42 |       |    14 |       ||   537
       Rapier            |       |       |       |       |   802 |  1243 |  1114 |   559 |       ||  3718
       Pair of quick bla |       |       |       |       |       |       |       |   864 |  1485 ||  2349
 Fire: Blowgun           |       |       |       |       |       |       |     6 |       |     6 ||    12
Throw: Throwing net      |       |       |       |       |     1 |       |       |       |       ||     1
 Cast: Invisibility      |       |       |       |       |     5 |    11 |     4 |     4 |     5 ||    29
       Spectral Weapon   |       |       |       |       |     2 |       |       |     3 |       ||     5
       Silence           |       |       |       |       |       |       |       |     1 |       ||     1
       Blink             |       |       |       |       |       |       |       |       |     3 ||     3
Invok: Line Pass         |       |       |     1 |     1 |       |       |       |       |     3 ||     5
       Stomp             |       |       |       |       |     1 |       |     3 |     1 |       ||     5
       Grand Finale      |       |       |       |       |       |     1 |       |     3 |     3 ||     7
 Abil: Breathe Steam     |       |       |    12 |    22 |    16 |    20 |     3 |     3 |     4 ||    80
Evoke: Wand              |       |       |       |     4 |     2 |       |       |       |     3 ||     9
  Use: Scroll            |       |     3 |     6 |    14 |    11 |    12 |     9 |    20 |    14 ||    89
       Potion            |       |       |       |     2 |     3 |     9 |     4 |     8 |    15 ||    41
 Stab: Sleeping          |     2 |     1 |    15 |    34 |    48 |    62 |   140 |    40 |    83 ||   425
       Paralysed         |       |     1 |     6 |    34 |    80 |    75 |    94 |   112 |   132 ||   534
       Distracted        |       |       |       |     5 |     4 |    12 |     4 |    14 |     9 ||    48
       Invisible         |       |       |       |       |    21 |    21 |    10 |    13 |    14 ||    79
       Held in net/web   |       |       |       |       |     1 |       |       |       |       ||     1
       Confused          |       |       |       |       |       |       |       |       |     4 ||     4
  Eat: Chunk             |       |     4 |    10 |    22 |    31 |    10 |    12 |    14 |    11 ||   114
       Ration            |       |       |     1 |     2 |     4 |    14 |     7 |     7 |    10 ||    45
Armor: Skin              |    35 |    27 |    68 |   119 |   163 |   205 |    98 |   166 |   164 ||  1045
Dodge: Dodged            |    53 |    58 |   175 |   302 |   564 |   690 |   501 |   803 |   857 ||  4003
Block: Buckler           |       |       |       |       |   156 |   262 |   215 |   133 |       ||   766

Table legend:
 A = Non-vault XP
 B = Vault XP
 C = Vault XP percentage of total XP
 D = Non-vault monster count
 E = Vault monster count
 F = Vault count percentage of total count
                 A         B        C        D         E       F
            +---------+---------+-------+---------+---------+-------
      Total |  841797 |  847978 |  50.2 |    1483 |    1055 |  41.6
            +---------+---------+-------+---------+---------+-------
        D:1 |      45 |       0 |   0.0 |      20 |       0 |   0.0
        D:2 |      32 |       0 |   0.0 |      12 |       0 |   0.0
        D:3 |     325 |     281 |  46.4 |      33 |       1 |   2.9
        D:4 |     545 |     852 |  61.0 |      22 |       3 |  12.0
        D:5 |    1210 |      44 |   3.5 |      20 |       3 |  13.0
        D:6 |    1432 |       0 |   0.0 |      34 |       0 |   0.0
        D:7 |     586 |    1458 |  71.3 |      11 |      13 |  54.2
        D:8 |    1415 |       0 |   0.0 |      25 |       0 |   0.0
        D:9 |    1515 |       0 |   0.0 |      22 |       0 |   0.0
       D:10 |    2466 |    1151 |  31.8 |      25 |      36 |  59.0
       D:11 |    5833 |    1426 |  19.6 |      31 |       2 |   6.1
       D:12 |    2485 |    3012 |  54.8 |      28 |       2 |   6.7
       D:13 |    6668 |    6942 |  51.0 |      33 |      10 |  23.3
       D:14 |    8895 |    1955 |  18.0 |      24 |       5 |  17.2
       D:15 |    6909 |    2109 |  23.4 |      22 |       2 |   8.3
     Lair:1 |    4646 |       0 |   0.0 |      19 |       0 |   0.0
     Lair:2 |    7026 |       0 |   0.0 |      31 |       0 |   0.0
     Lair:3 |    3668 |    3413 |  48.2 |      16 |       9 |  36.0
     Lair:4 |    2908 |    4704 |  61.8 |      12 |      27 |  69.2
     Lair:5 |    6117 |    4947 |  44.7 |      18 |      13 |  41.9
     Lair:6 |    5569 |   12560 |  69.3 |      21 |      53 |  71.6
    Swamp:1 |   18743 |       0 |   0.0 |      50 |       0 |   0.0
    Swamp:2 |   11694 |    3924 |  25.1 |      25 |       7 |  21.9
    Swamp:3 |   16694 |     527 |   3.1 |      45 |       2 |   4.3
    Swamp:4 |    9995 |   24390 |  70.9 |      25 |      36 |  59.0
    Snake:1 |    5817 |       0 |   0.0 |      10 |       0 |   0.0
    Snake:2 |   30420 |       0 |   0.0 |      52 |       0 |   0.0
    Snake:3 |   16584 |    2762 |  14.3 |      34 |       1 |   2.9
    Snake:4 |   18873 |   25199 |  57.2 |      34 |      44 |  56.4
      Orc:1 |    7860 |     843 |   9.7 |      35 |       1 |   2.8
      Orc:2 |    4845 |    8162 |  62.8 |      39 |      38 |  49.4
      Elf:1 |    4777 |    2431 |  33.7 |      10 |       8 |  44.4
      Elf:2 |   25390 |   25868 |  50.5 |      44 |      31 |  41.3
      Elf:3 |   19892 |   36973 |  65.0 |      34 |      25 |  42.4
   Vaults:1 |   34192 |   14681 |  30.0 |      59 |      31 |  34.4
   Vaults:2 |   25077 |   31878 |  56.0 |      28 |      39 |  58.2
   Vaults:3 |   22652 |   11399 |  33.5 |      29 |      13 |  31.0
   Vaults:4 |   30969 |   41507 |  57.3 |      46 |      51 |  52.6
   Vaults:5 |   25478 |  163154 |  86.5 |      33 |      99 |  75.0
    Crypt:1 |   26806 |   16237 |  37.7 |      43 |      43 |  50.0
    Crypt:2 |   35924 |       0 |   0.0 |      43 |       0 |   0.0
    Crypt:3 |       0 |   65758 | 100.0 |       0 |      89 | 100.0
   Depths:1 |   21076 |     301 |   1.4 |      28 |       1 |   3.4
   Depths:2 |   46130 |   61615 |  57.2 |      53 |      62 |  53.9
   Depths:3 |       0 |  102161 | 100.0 |       0 |      89 | 100.0
   Depths:4 |   23126 |   21797 |  48.5 |      22 |      18 |  45.0
   Depths:5 |   31242 |   28074 |  47.3 |      31 |      16 |  34.0
      Zot:1 |   63971 |       0 |   0.0 |      44 |       0 |   0.0
      Zot:2 |   52452 |       0 |   0.0 |      33 |       0 |   0.0
      Zot:3 |   39888 |       0 |   0.0 |      22 |       0 |   0.0
      Zot:4 |   74566 |   51534 |  40.9 |      43 |      24 |  35.8
      Zot:5 |   26369 |   30679 |  53.8 |      10 |       9 |  47.4
      IceCv |       0 |   10922 | 100.0 |       0 |      59 | 100.0
     WizLab |       0 |   20348 | 100.0 |       0 |      40 | 100.0
            +---------+---------+-------+---------+---------+-------
